[Event "Lliga Catalana 2024"]
[Site "Catalonia"]
[Date "2024.03.09"]
[Round "1.5"]
[White "Boix Moreno, Daniel"]
[Black "Shatko, Danil"]
[Result "1/2-1/2"]
[ECO "C04"]
[WhiteElo "2239"]
[BlackElo "2195"]
[Annotator "TA"]
[PlyCount "72"]
[EventDate "2024.01.18"]
[EventType "team-tourn"]
[EventCountry "ESP"]
[SourceTitle "playchess.com"]
[Source "ChessBase"]
[SourceQuality "1"]
[TimeControl "5400+30"]

1. e4 e6 2. d4 d5 3. Nd2 Nf6 4. e5 Nfd7 5. Ngf3 c5 6. c3 b6 7. Bb5 Ba6 8. a4 Be7 9. O-O O-O 10. Re1 Qc8 11. Nf1 Nc6 12. Bd2 Na5 13. b4 Bxb5 14. axb5 Nc4 15. Qb3 (15. Ne3 $11) 15... cxd4 $15 16. cxd4 a6 17. Qa4 (17. Rxa6 $11 Rxa6 18. bxa6 Qxa6 19. b5) 17... axb5 (17... a5 $17 {...axb4 wäre nun fies.} 18. bxa5 bxa5) 18. Qxb5 {[%emt 0:00:02] [#] Schwarz muss nun Rxa8 beachten.} Na3 19. Qd3 Nc4 20. b5 Rxa1 21. Rxa1 f6 22. exf6 Nxf6 23. Bg5 Qd7 24. Re1 Ne4 25. Bxe7 Qxe7 26. Ng3 Ncd6 27. Qa3 Qd7 (27... Nxf2 $15 28. Rc1 (28. Kxf2 $2 {verliert.} Ne4+ 29. Rxe4 Qxa3 $19) 28... Nfe4) 28. Nxe4 (28. Ne5 $5 Qd8 (28... Qxb5 29. f3 $14) 29. Nxe4 Nxe4 30. Rf1 $17) 28... Nxe4 {[%emt 0:00:30] Die Stellung ist ausgeglichen.} 29. Qa6 Qc7 30. h3 h6 {[%emt 0:03:19] [#] Droht ...Qc2 und aus.} 31. Rf1 Nc3 32. Re1 Ne4 {[%emt 0:00:49] Zielt auf ...Qc2 ab.} 33. Rf1 Kh7 34. Qa3 Rc8 35. Qa6 Rf8 36. Qa3 Rc8 {[%emt 0:00:39] Gewichteter Fehlerwert: Weiß=0.15 (sehr präzise) /Schwarz=0.14 (sehr präzise) .  Fehler:       	Weiß=2     	Schwarz=2     Ungenau:       	Weiß=3     	Schwarz=2     OK:         	Weiß=12    	Schwarz=15} 1/2-1/2

[Event "Lliga Catalana 2024"]
[Site "Catalonia"]
[Date "2024.01.20"]
[Round "1.6"]
[White "Martinez Ramirez, Erik"]
[Black "Alcala Gonzalez, Cesar"]
[Result "1/2-1/2"]
[ECO "B15"]
[WhiteElo "2241"]
[BlackElo "2247"]
[Annotator "RC"]
[PlyCount "36"]
[EventDate "2024.01.18"]
[EventType "team-tourn"]
[EventCountry "ESP"]
[SourceTitle "playchess.com"]
[Source "ChessBase"]
[SourceQuality "1"]
[TimeControl "5400+30"]

1. e4 c6 2. d4 d5 3. Nd2 dxe4 4. Nxe4 Nf6 5. Nxf6+ exf6 6. c3 Bd6 7. Bd3 O-O 8. Qc2 Re8+ 9. Ne2 h5 10. Be3 Nd7 11. c4 Nf8 12. O-O-O Be6 13. Kb1 Rc8 14. Nc3 Bb4 15. Ne4 Be7 16. Nc3 Bb4 17. Ne4 Be7 18. Nc3 Bb4 1/2-1/2

[Event "Lliga Catalana 2024"]
[Site "Catalonia"]
[Date "2024.01.20"]
[Round "1.6"]
[White "Molina Carretero, Daniel"]
[Black "Escandell Mari, Juan Carlos"]
[Result "1/2-1/2"]
[ECO "A25"]
[WhiteElo "2180"]
[BlackElo "2195"]
[Annotator "RC"]
[PlyCount "93"]
[EventDate "2024.01.18"]
[EventType "team-tourn"]
[EventCountry "ESP"]
[SourceTitle "playchess.com"]
[Source "ChessBase"]
[SourceQuality "1"]
[TimeControl "5400+30"]

1. c4 Nf6 2. g3 e5 3. Bg2 Nc6 4. Nc3 Bb4 5. Nd5 Bc5 6. e3 O-O 7. a3 Nxd5 8. cxd5 Ne7 9. Ne2 d6 10. d4 exd4 11. Nxd4 Nf5 12. Nc2 a5 13. b3 Qf6 14. O-O Bd7 15. Qd3 h5 16. Bd2 h4 17. Bc3 Qh6 18. Nd4 hxg3 19. hxg3 Qh5 20. Nxf5 Bxf5 21. Qd2 Rfe8 22. Bxa5 Re4 23. Rac1 Rae8 24. Rxc5 dxc5 25. Bxc7 R4e7 26. d6 Rd7 27. Qd5 Re6 28. Rd1 Re5 29. Qd2 Bg4 30. Rc1 Bf3 31. Qa5 Rf5 32. Rc4 g5 33. g4 Bxg4 34. Rxc5 Rxc5 35. Qxc5 Bf3 36. Bxf3 Qxf3 37. Qxg5+ Kf8 38. Qh6+ Kg8 39. Qg5+ Kf8 40. Qe5 Qg4+ 41. Kf1 Qd1+ 42. Kg2 Qg4+ 43. Qg3 Qe4+ 44. Qf3 Qg6+ 45. Qg3 Qe4+ 46. Qf3 Qg6+ 47. Qg3 1/2-1/2

[Event "Lliga Catalana 2024"]
[Site "Catalonia"]
[Date "2024.03.09"]
[Round "1.6"]
[White "Gonzalez Maza, Rafael"]
[Black "Rivero Ojeda, Carmelo"]
[Result "1/2-1/2"]
[ECO "A48"]
[WhiteElo "2123"]
[BlackElo "2167"]
[Annotator "RC"]
[PlyCount "43"]
[EventDate "2024.01.18"]
[EventType "team-tourn"]
[EventCountry "ESP"]
[SourceTitle "playchess.com"]
[Source "ChessBase"]
[SourceQuality "1"]
[TimeControl "5400+30"]

1. d4 Nf6 2. Nf3 g6 3. b3 Bg7 4. Bb2 O-O 5. e3 a5 6. a3 c6 7. Be2 b5 8. Nbd2 d6 9. O-O Nbd7 10. c4 bxc4 11. bxc4 c5 12. d5 Nb6 13. e4 Bd7 14. Rb1 Rb8 15. Bd3 Na4 16. Ba1 Qc7 17. Qc2 Rxb1 18. Rxb1 Rb8 19. e5 Nh5 20. exd6 exd6 21. Bxg7 Kxg7 22. Rxb8 1/2-1/2

[Event "Lliga Catalana 2024"]
[Site "Catalonia"]
[Date "2024.01.20"]
[Round "1.7"]
[White "Martin Barcelo, Carles"]
[Black "Perez Manas, Benjamin"]
[Result "1-0"]
[ECO "B51"]
[WhiteElo "2222"]
[BlackElo "2222"]
[Annotator "RC"]
[PlyCount "48"]
[EventDate "2024.01.18"]
[EventType "team-tourn"]
[EventCountry "ESP"]
[SourceTitle "playchess.com"]
[Source "ChessBase"]
[SourceQuality "1"]
[TimeControl "5400+30"]

1. e4 c5 2. Nf3 d6 3. Bb5+ Nd7 4. Ba4 Ngf6 5. O-O a6 6. c4 e5 7. Nc3 g6 8. d3 Bg7 9. a3 O-O 10. h3 Ne8 11. b4 Nc7 12. Bg5 f6 13. Be3 Ne6 14. Rb1 Rb8 15. bxc5 dxc5 16. Nd5 Nd4 17. Nxd4 cxd4 18. Bd2 a5 19. Bxd7 Bxd7 20. Rb6 a4 21. Bb4 Re8 22. Bd6 Rc8 23. Rxb7 Bc6 24. Be7 Ra8 1-0

[Event "Lliga Catalana 2024"]
[Site "Catalonia"]
[Date "2024.01.20"]
[Round "1.7"]
[White "Saguillo Gonzalez, Oriol"]
[Black "Triadu Cassa, Jordi"]
[Result "*"]
[ECO "C55"]
[WhiteElo "2172"]
[BlackElo "2107"]
[Annotator "RC"]
[PlyCount "33"]
[EventDate "2024.01.18"]
[EventType "team-tourn"]
[EventCountry "ESP"]
[SourceTitle "playchess.com"]
[Source "ChessBase"]
[SourceQuality "1"]
[TimeControl "5400+30"]

1. e4 e5 2. Nf3 Nc6 3. Bc4 Nf6 4. d3 Be7 5. Nc3 d6 6. a4 O-O 7. O-O Kh8 8. Ng5 Bg4 9. Qd2 Bh5 10. f4 Nd7 11. Nd5 Bxg5 12. fxg5 Nb6 13. Nxb6 axb6 14. Qf2 Bg6 15. c3 f5 16. gxf6 Rxf6 17. Qe2 *

[Event "Lliga Catalana 2024"]
[Site "Catalonia"]
[Date "2024.03.09"]
[Round "1.7"]
[White "Leiro Giralt, Daniel"]
[Black "Pham Guerrero, Sergi"]
[Result "1/2-1/2"]
[ECO "B34"]
[WhiteElo "2141"]
[BlackElo "2039"]
[Annotator "RC"]
[PlyCount "48"]
[EventDate "2024.01.18"]
[EventType "team-tourn"]
[EventCountry "ESP"]
[SourceTitle "playchess.com"]
[Source "ChessBase"]
[SourceQuality "1"]
[TimeControl "5400+30"]

1. e4 c5 2. Nc3 g6 3. Nge2 Bg7 4. d4 cxd4 5. Nxd4 Nc6 6. Nde2 Nf6 7. g3 O-O 8. Bg2 Rb8 9. a4 a6 10. O-O b5 11. axb5 axb5 12. Nd5 Nxd5 13. exd5 Ne5 14. Ra2 Bb7 15. b3 Ra8 16. Rxa8 Qxa8 17. h3 d6 18. Bg5 Re8 19. Qd2 b4 20. Rd1 Qa5 21. Kh2 Kf8 22. Bh6 Rc8 23. Bxg7+ Kxg7 24. f4 Nd7 1/2-1/2

[Event "Lliga Catalana 2024"]
[Site "Catalonia"]
[Date "2024.01.20"]
[Round "1.8"]
[White "Obon Temprano, Sergi"]
[Black "Rovira Vila, Jaume"]
[Result "1/2-1/2"]
[ECO "A06"]
[WhiteElo "2194"]
[BlackElo "2074"]
[Annotator "RC"]
[PlyCount "89"]
[EventDate "2024.01.18"]
[EventType "team-tourn"]
[EventCountry "ESP"]
[SourceTitle "playchess.com"]
[Source "ChessBase"]
[SourceQuality "1"]
[TimeControl "5400+30"]

1. Nf3 d5 2. e3 e6 3. b3 Nf6 4. Bb2 c5 5. d4 Nc6 6. Be2 Bd6 7. O-O O-O 8. Nbd2 b6 9. Ne5 Bb7 10. f4 Ne7 11. g4 Ne4 12. Bd3 Nxd2 13. Qxd2 f6 14. Nf3 a5 15. a4 Qc7 16. c3 Ba6 17. c4 Rad8 18. Qc2 h6 19. Rac1 Bb7 20. Qe2 Qd7 21. h3 Nc6 22. cxd5 exd5 23. Nh4 Ne7 24. Bb1 Bc8 25. Rf2 Qe6 26. Rg2 g5 27. Nf5 Nxf5 28. gxf5 Qe7 29. Re1 Rf7 30. h4 Rg7 31. fxg5 hxg5 32. dxc5 Bxc5 33. hxg5 Rxg5 34. Rxg5+ fxg5 35. Qh5 Bxe3+ 36. Kg2 d4 37. Qg6+ Kf8 38. f6 Bb7+ 39. Kf1 Ba6+ 40. Kg2 Bb7+ 41. Kf1 Ba6+ 42. Kg2 Qf7 43. Qh6+ Kg8 44. Bc2 Qg6 45. Ba3 1/2-1/2

[Event "Lliga Catalana 2024"]
[Site "Catalonia"]
[Date "2024.01.20"]
[Round "1.8"]
[White "Saguillo Gonzalez, Oriol"]
[Black "Dorca Dilme, Ramon"]
[Result "1-0"]
[ECO "C10"]
[WhiteElo "2172"]
[BlackElo "2072"]
[Annotator "RC"]
[PlyCount "101"]
[EventDate "2024.01.18"]
[EventType "team-tourn"]
[EventCountry "ESP"]
[SourceTitle "playchess.com"]
[Source "ChessBase"]
[SourceQuality "1"]
[TimeControl "5400+30"]

1. e4 e6 2. d4 d5 3. Nc3 dxe4 4. Nxe4 Bd7 5. Nf3 Bc6 6. Bd3 Nd7 7. Bf4 Ngf6 8. Qe2 Be7 9. h3 O-O 10. c3 Nxe4 11. Bxe4 Bxe4 12. Qxe4 c6 13. O-O Nf6 14. Qc2 Nd5 15. Be5 f6 16. Bh2 Bd6 17. Rfe1 Bxh2+ 18. Kxh2 Qd6+ 19. Kg1 Rfe8 20. Re4 b6 21. Rae1 Nc7 22. Rh4 g6 23. Rhe4 Re7 24. h4 Rae8 25. h5 gxh5 26. c4 c5 27. Rh4 cxd4 28. Nxd4 Qc5 29. Qe2 Rg7 30. Nb3 Qg5 31. Rh2 h4 32. Qe4 e5 33. c5 f5 34. Qxh4 Qg6 35. Qa4 Nd5 36. Qc4 Qf7 37. Nd4 Nf4 38. Qxf7+ Rxf7 39. c6 Nd3 40. Re2 Rc8 41. Rh3 Nf4 42. Rg3+ Rg7 43. Rxg7+ Kxg7 44. Rxe5 Nd3 45. Re7+ Kg6 46. Rxa7 Nxb2 47. c7 Nc4 48. Nb5 Kf6 49. Rb7 Ke6 50. Na7 Nd6 51. Nxc8 1-0

[Event "Lliga Catalana 2024"]
[Site "Catalonia"]
[Date "2024.03.09"]
[Round "1.8"]
[White "Gomez Anadon, Daniel"]
[Black "Moreno Martin-Viveros, Alvaro"]
[Result "1/2-1/2"]
[ECO "C15"]
[WhiteElo "2129"]
[BlackElo "2177"]
[Annotator "RC"]
[PlyCount "114"]
[EventDate "2024.01.18"]
[EventType "team-tourn"]
[EventCountry "ESP"]
[SourceTitle "playchess.com"]
[Source "ChessBase"]
[SourceQuality "1"]
[TimeControl "5400+30"]

1. e4 e6 2. d4 d5 3. Nc3 Bb4 4. Nge2 dxe4 5. a3 Bxc3+ 6. Nxc3 Nc6 7. d5 exd5 8. Qxd5 Be6 9. Qxe4 Nf6 10. Qa4 O-O 11. Bd3 Ne5 12. Be2 Nd5 13. Nxd5 Bxd5 14. O-O Qf6 15. Qf4 Qg6 16. Qg3 Rfe8 17. Qxg6 Nxg6 18. Re1 Nh4 19. f3 Bc4 20. Kf2 Nxg2 21. Kxg2 Bxe2 22. Bf4 c5 23. Kf2 Bb5 24. Rxe8+ Rxe8 25. Re1 Rxe1 26. Kxe1 f6 27. Bd6 c4 28. b3 cxb3 29. cxb3 Kf7 30. Kf2 Ke6 31. Bb8 a6 32. a4 Bc6 33. a5 g5 34. Bc7 Kf5 35. b4 Kg6 36. Kg3 h6 37. f4 f5 38. h3 Bb5 39. Bd8 Kh5 40. h4 gxh4+ 41. Bxh4 Kg6 42. Bd8 Be2 43. Bb6 Kf7 44. Bd4 Ke6 45. Bg7 h5 46. Bd4 Kd5 47. Bc5 Bd1 48. Be7 Ke4 49. Bd6 Bg4 50. Bc7 Kd5 51. Bd8 Kc6 52. Be7 b6 53. axb6 Kxb6 54. Bf8 Kc6 55. Be7 Kd5 56. Bd8 Ke4 57. Be7 Kd5 1/2-1/2

[Event "Lliga Catalana 2024"]
[Site "Catalonia"]
[Date "2024.01.20"]
[Round "1.8"]
[White "Terry Cuellar, Luis Antonio"]
[Black "Nieto Farreny, Francesc"]
[Result "*"]
[ECO "C10"]
[WhiteElo "2094"]
[BlackElo "2170"]
[Annotator "RC"]
[PlyCount "39"]
[EventDate "2024.01.18"]
[EventType "team-tourn"]
[EventCountry "ESP"]
[SourceTitle "playchess.com"]
[Source "ChessBase"]
[SourceQuality "1"]
[TimeControl "5400+30"]

1. e4 e6 2. d4 d5 3. Nc3 dxe4 4. Nxe4 Bd7 5. Nf3 Bc6 6. Bd3 Nd7 7. Bf4 Ngf6 8. Qe2 Be7 9. h3 O-O 10. c3 Nxe4 11. Bxe4 Bxe4 12. Qxe4 c6 13. O-O Nf6 14. Qc2 Nd5 15. Be5 f6 16. Bh2 Bd6 17. Rfe1 Bxh2+ 18. Kxh2 Qd6+ 19. Kg1 Rfe8 20. Re4 *

[Event "Lliga Catalana 2024"]
[Site "Catalonia"]
[Date "2024.01.20"]
[Round "1.9"]
[White "Mompel Ferruz, Xavier"]
[Black "Bosque Ortega, Xavier"]
[Result "1-0"]
[ECO "B15"]
[WhiteElo "2148"]
[BlackElo "2187"]
[Annotator "RC"]
[PlyCount "61"]
[EventDate "2024.01.18"]
[EventType "team-tourn"]
[EventCountry "ESP"]
[SourceTitle "playchess.com"]
[Source "ChessBase"]
[SourceQuality "1"]
[TimeControl "5400+30"]

1. e4 c6 2. d4 d5 3. Nc3 g6 4. e5 h5 5. Bd3 Nh6 6. Nf3 Bg4 7. h3 Bxf3 8. Qxf3 e6 9. g4 h4 10. Ne2 g5 11. Qe3 Rg8 12. f4 Be7 13. f5 Nd7 14. f6 Bxf6 15. exf6 Qxf6 16. Rf1 Qe7 17. Bd2 O-O-O 18. O-O-O Kb8 19. a3 Rde8 20. Ng1 e5 21. dxe5 Nxe5 22. Nf3 f6 23. Nxe5 fxe5 24. Bb4 Qc7 25. Rf6 Qg7 26. Rg6 Qh8 27. Qxg5 Nf7 28. Rxg8 Rxg8 29. Qf5 Qh6+ 30. Kb1 Ng5 31. Qxe5+ 1-0

[Event "Lliga Catalana 2024"]
[Site "Catalonia"]
[Date "2024.03.09"]
[Round "1.9"]
[White "Cespedes Llaverias, Llibert"]
[Black "Gonzalez Garcia, Marc"]
[Result "0-1"]
[ECO "C06"]
[WhiteElo "2065"]
[BlackElo "2138"]
[Annotator "RC"]
[PlyCount "76"]
[EventDate "2024.01.18"]
[EventType "team-tourn"]
[EventCountry "ESP"]
[SourceTitle "playchess.com"]
[Source "ChessBase"]
[SourceQuality "1"]
[TimeControl "5400+30"]

1. e4 e6 2. d4 d5 3. Nc3 Nf6 4. e5 Nfd7 5. Nce2 c5 6. c3 cxd4 7. cxd4 f6 8. exf6 Nxf6 9. Nf3 Nc6 10. Nc3 Bd6 11. Bd3 O-O 12. O-O Bd7 13. Re1 Qb6 14. Bg5 a6 15. a3 g6 16. Na4 Qc7 17. Rc1 Nh5 18. Ne5 Nf4 19. Bf1 Rae8 20. g3 Nh5 21. Bh3 Bxe5 22. Rxe5 Qd6 23. Rxc6 Bxc6 24. Nc5 Ng7 25. Bh6 Rf6 26. f4 a5 27. Qe1 Nf5 28. Bxf5 Rxf5 29. Qxa5 Rxe5 30. fxe5 Qe7 31. Qd2 Qf7 32. Bg5 Qf3 33. Bf6 Bb5 34. Qf2 Qd1+ 35. Kg2 b6 36. Nb7 Rc8 37. Qf4 Rc2+ 38. Kh3 Bf1+ 0-1

[Event "Lliga Catalana 2024"]
[Site "Catalonia"]
[Date "2024.03.09"]
[Round "1.10"]
[White "Cortes Lizano, Jesus"]
[Black "Romeu Viladot, Emili"]
[Result "0-1"]
[ECO "B26"]
[WhiteElo "2182"]
[BlackElo "1934"]
[Annotator "RC"]
[PlyCount "84"]
[EventDate "2024.01.18"]
[EventType "team-tourn"]
[EventCountry "ESP"]
[SourceTitle "playchess.com"]
[Source "ChessBase"]
[SourceQuality "1"]
[TimeControl "5400+30"]

1. e4 c5 2. Nc3 e6 3. g3 Nc6 4. Bg2 g6 5. d3 Bg7 6. Be3 d6 7. Qd2 Rb8 8. Nge2 Nd4 9. Nd1 b5 10. Nc1 b4 11. c3 bxc3 12. bxc3 Nc6 13. O-O Ba6 14. f4 Nce7 15. h3 h5 16. Rf2 f5 17. Nb3 c4 18. Nd4 Qc8 19. dxc4 fxe4 20. Nb5 Bxb5 21. cxb5 d5 22. a4 a6 23. Bd4 Nf6 24. Rb1 Nc6 25. Be5 Nxe5 26. fxe5 Nd7 27. Qg5 Nxe5 28. Kh1 Qd8 29. Qd2 axb5 30. axb5 Nd3 31. Re2 Bh6 32. Qc2 O-O 33. c4 Qd6 34. cxd5 exd5 35. Ne3 Qxg3 36. Nxd5 Nf2+ 37. Rxf2 Rxf2 38. Qxe4 Rf7 39. Rg1 Rbf8 40. b6 Bg7 41. Re1 Rf2 42. Re3 Rf1+ 0-1

[Event "Lliga Catalana 2024"]
[Site "Catalonia"]
[Date "2024.01.20"]
[Round "1.10"]
[White "Ramirez Carrizo, Victor Jose"]
[Black "Serrano Batova, Vicent"]
[Result "1/2-1/2"]
[ECO "B38"]
[WhiteElo "2182"]
[BlackElo "2134"]
[Annotator "RC"]
[PlyCount "106"]
[EventDate "2024.01.18"]
[EventType "team-tourn"]
[EventCountry "ESP"]
[SourceTitle "playchess.com"]
[Source "ChessBase"]
[SourceQuality "1"]
[TimeControl "5400+30"]

1. e4 c5 2. Nf3 Nc6 3. d4 cxd4 4. Nxd4 g6 5. c4 Nf6 6. Nc3 d6 7. f3 Bg7 8. Be3 O-O 9. Be2 Nh5 10. Nc2 Qa5 11. Qd2 Be6 12. g4 Nf6 13. Nd5 Qxd2+ 14. Kxd2 Rfc8 15. Rab1 Nd7 16. Bg5 Kf8 17. b3 a5 18. Rhc1 Bxd5 19. cxd5 Nb4 20. Nxb4 Rxc1 21. Rxc1 axb4 22. Rc2 Nc5 23. Bc4 h6 24. Be3 g5 25. Ke2 Bc3 26. Bd2 Bxd2 27. Kxd2 Kg7 28. Ke3 Kf6 29. Kd4 Rc8 30. Bd3 b6 31. Rc4 Ra8 32. Bb1 Ra5 33. Rxb4 b5 34. e5+ Kg7 35. h3 Na6 36. Kc3 dxe5 37. Re4 Kf6 38. a4 bxa4 39. Rxa4 Rc5+ 40. Kb2 Nc7 41. Rc4 Rxc4 42. bxc4 e4 43. Bxe4 Na6 44. Kb3 Ke5 45. Ka4 Kd6 46. Kb5 Nc5 47. Bc2 e6 48. Be4 Nd7 49. dxe6 fxe6 50. Bc2 Nc5 51. Bb1 Nd7 52. Be4 Nc5 53. Bc2 Nd7 1/2-1/2

[Event "Lliga Catalana 2024"]
[Site "Catalonia"]
[Date "2024.01.20"]
[Round "1.10"]
[White "Barrera Clot, Carlos"]
[Black "Hapala, Elisabeth"]
[Result "0-1"]
[ECO "D03"]
[WhiteElo "2104"]
[BlackElo "2001"]
[Annotator "NA RC"]
[PlyCount "66"]
[EventDate "2024.01.18"]
[EventType "team-tourn"]
[EventCountry "ESP"]
[SourceTitle "playchess.com"]
[Source "ChessBase"]
[SourceQuality "1"]
[TimeControl "5400+30"]

1. d4 Nf6 2. Nf3 e6 3. Bg5 c5 4. c3 h6 5. Bxf6 Qxf6 6. Nbd2 d5 7. e3 Nc6 8. Bb5 Bd6 9. O-O O-O 10. Re1 cxd4 11. exd4 a6 12. Bxc6 bxc6 13. b4 Qd8 14. Ne5 Qc7 15. Ndf3 f6 16. Nd3 Ra7 17. h3 Qf7 18. Qd2 Re7 19. Nc5 e5 20. Nh2 e4 21. Qe2 f5 22. Nf1 f4 23. f3 Rfe8 24. Qf2 Qg6 25. Kh1 exf3 26. Rxe7 fxg2+ 27. Qxg2 Qxg2+ 28. Kxg2 Rxe7 29. Kf3 Bxh3 30. Nxa6 g5 31. a4 g4+ 32. Kf2 g3+ 33. Kf3 h5 0-1

[Event "Lliga Catalana 2024"]
[Site "Catalonia"]
[Date "2024.01.27"]
[Round "2.1"]
[White "Predke, Alexandr"]
[Black "Ayats Llobera, Gerard"]
[Result "1-0"]
[ECO "C17"]
[WhiteElo "2668"]
[BlackElo "2426"]
[Annotator "RC"]
[PlyCount "135"]
[EventDate "2024.01.18"]
[EventType "team-tourn"]
[EventCountry "ESP"]
[SourceTitle "playchess.com"]
[Source "ChessBase"]
[SourceQuality "1"]
[TimeControl "5400+30"]

1. e4 e6 2. d4 d5 3. Nc3 Bb4 4. e5 c5 5. Bd2 cxd4 6. Nb5 Bxd2+ 7. Qxd2 Nc6 8. f4 Nge7 9. Nd6+ Kf8 10. Bd3 Qb6 11. Nf3 Qxb2 12. O-O Qc3 13. Qe2 Nf5 14. Ng5 Nxd6 15. exd6 g6 16. f5 exf5 17. g4 h6 18. Nxf7 Kxf7 19. gxf5 Bxf5 20. Bxf5 Qe3+ 21. Qxe3 dxe3 22. Bc8+ Kg7 23. Bxb7 e2 24. Rfc1 Nd4 25. Bxa8 Nf3+ 26. Kf2 e1=Q+ 27. Rxe1 Nxe1 28. Bxd5 Nxc2 29. Rc1 Nb4 30. Rc7+ Kf6 31. Bc4 Rd8 32. d7 a5 33. a3 Nc2 34. Bd3 Nd4 35. Ra7 Ne6 36. Bb5 Nc5 37. Ke3 Ke6 38. Rxa5 Nxd7 39. Ra6+ Ke5 40. Rxg6 Nf6 41. a4 Rd1 42. Rxh6 Ra1 43. Kd3 Nd5 44. Rh5+ Kd6 45. Rh8 Nb6 46. Rh6+ Kc7 47. Rh4 Ra3+ 48. Kc2 Nd5 49. Kb2 Re3 50. Rh6 Nb4 51. h4 Rg3 52. a5 Kb7 53. Rh7+ Kb8 54. Rh8+ Ka7 55. Rh6 Re3 56. Bc4 Rh3 57. h5 Nd3+ 58. Kc2 Nb4+ 59. Kd2 Ra3 60. a6 Rh3 61. Rh7+ Ka8 62. h6 Rh5 63. Be2 Rh3 64. Rf7 Rxh6 65. Bf3+ Nc6 66. Rc7 Kb8 67. Rxc6 Rh2+ 68. Be2 1-0

[Event "Lliga Catalana 2024"]
[Site "Catalonia"]
[Date "2024.01.27"]
[Round "2.1"]
[White "Aroshidze, Levan"]
[Black "Gonzalez Garcia, Jose"]
[Result "1-0"]
[ECO "C13"]
[WhiteElo "2538"]
[BlackElo "2451"]
[Annotator "RC"]
[PlyCount "106"]
[EventDate "2024.01.18"]
[EventType "team-tourn"]
[EventCountry "ESP"]
[SourceTitle "playchess.com"]
[Source "ChessBase"]
[SourceQuality "1"]
[TimeControl "5400+30"]

1. e4 e6 2. d4 d5 3. Nc3 Nf6 4. Bg5 dxe4 5. Nxe4 Nbd7 6. Nf3 h6 7. Bxf6 Nxf6 8. Bd3 Nxe4 9. Bxe4 c5 10. Qe2 Qa5+ 11. c3 cxd4 12. Nxd4 Be7 13. Nc6 Qc5 14. Nxe7 Qxe7 15. O-O-O O-O 16. Bc2 e5 17. f4 Qf6 18. Qxe5 Qxe5 19. fxe5 Be6 20. Be4 Rab8 21. Rhe1 Rfe8 22. Bd5 Bxd5 23. Rxd5 Re7 24. Kc2 Rc8 25. Kd3 Rc6 26. Re4 Rg6 27. g3 Rge6 28. a4 h5 29. a5 g5 30. b4 Kg7 31. h3 Rc7 32. c4 b6 33. a6 b5 34. cxb5 Rc1 35. Kd4 Rd1+ 36. Kc5 Rc1+ 37. Rc4 Re1 38. Rc3 Re4 39. Rcd3 Re1 40. Rd6 R6xe5+ 41. R3d5 Rc1+ 42. Kd4 Re2 43. Rxg5+ Kf8 44. Rgd5 Rb2 45. Rd8+ Kg7 46. Ke5 Rxb4 47. Rb8 Re1+ 48. Kd6 Rc4 49. Rb7 Re6+ 50. Kd7 Rce4 51. Kc8 Re8+ 52. Rd8 Rc4+ 53. Rc7 Rxd8+ 1-0

[Event "Lliga Catalana 2024"]
[Site "Catalonia"]
[Date "2024.01.27"]
[Round "2.2"]
[White "Aloma Vidal, Robert"]
[Black "Chigaev, Maksim"]
[Result "1/2-1/2"]
[ECO "A05"]
[WhiteElo "2446"]
[BlackElo "2622"]
[Annotator "RC"]
[PlyCount "134"]
[EventDate "2024.01.18"]
[EventType "team-tourn"]
[EventCountry "ESP"]
[SourceTitle "playchess.com"]
[Source "ChessBase"]
[SourceQuality "1"]
[TimeControl "5400+30"]

1. Nf3 Nf6 2. g3 d5 3. Bg2 e6 4. O-O b5 5. d3 Bb7 6. e4 Be7 7. exd5 exd5 8. Nd4 Qd7 9. Qf3 O-O 10. Nf5 Bd8 11. Nd2 Nc6 12. Nb3 Ne5 13. Qf4 Ng6 14. Qf3 Bc8 15. Bh3 Qc6 16. Be3 a5 17. Nfd4 Qe8 18. Bxc8 Rxc8 19. Rfe1 Qd7 20. Nc5 Qh3 21. Qg2 Qxg2+ 22. Kxg2 c6 23. Nf5 a4 24. Bd4 h5 25. b3 Ra8 26. bxa4 bxa4 27. Rab1 Re8 28. Rxe8+ Nxe8 29. Rb7 Bf6 30. Rb6 Nd6 31. Bxf6 Nxf5 32. Bc3 d4 33. Bd2 Re8 34. Rxc6 a3 35. Ne4 Rb8 36. Bc1 f6 37. Bxa3 Ra8 38. Bb2 Rxa2 39. Rc8+ Kh7 40. Rb8 Ra7 41. h3 Rc7 42. c4 dxc3 43. Bxc3 Nge7 44. Rb5 Kg6 45. g4 hxg4 46. hxg4 Nd6 47. Rb3 Nxe4 48. dxe4 Rc4 49. f3 Nc6 50. Ra3 Nd4 51. Bxd4 Rxd4 52. Ra7 Rb4 53. Kg3 Rb3 54. Kf4 Rc3 55. Ra1 Rb3 56. Rg1 Rb5 57. Rd1 Rb3 58. Rd6 Rb4 59. g5 Rb5 60. Rd5 fxg5+ 61. Kg4 Rxd5 62. exd5 Kf6 63. d6 Ke6 64. Kxg5 Kxd6 65. Kg6 Ke5 66. Kxg7 Kf4 67. Kf6 Kxf3 1/2-1/2

[Event "Lliga Catalana 2024"]
[Site "Catalonia"]
[Date "2024.01.27"]
[Round "2.2"]
[White "Narciso Dublan, Marc"]
[Black "Glek, Igor"]
[Result "1-0"]
[ECO "D04"]
[WhiteElo "2420"]
[BlackElo "2423"]
[Annotator "RC"]
[PlyCount "101"]
[EventDate "2024.01.18"]
[EventType "team-tourn"]
[EventCountry "ESP"]
[SourceTitle "playchess.com"]
[Source "ChessBase"]
[SourceQuality "1"]
[TimeControl "5400+30"]

1. d4 d5 2. Nf3 Nf6 3. e3 c5 4. dxc5 e6 5. b4 a5 6. c3 axb4 7. cxb4 b6 8. Bb5+ Bd7 9. Bxd7+ Nbxd7 10. a4 bxc5 11. b5 Bd6 12. Bb2 g5 13. Qe2 g4 14. Nfd2 Be5 15. Bxe5 Nxe5 16. O-O Rg8 17. f4 gxf3 18. Nxf3 Qd6 19. Nbd2 Nfg4 20. a5 Ke7 21. h3 Nxf3+ 22. Nxf3 Nf6 23. Qf2 Ne4 24. Qh4+ Kd7 25. Ra2 Rg7 26. b6 Kc6 27. Rb1 Kb7 28. a6+ Rxa6 29. Rxa6 Kxa6 30. b7 Rg8 31. Qe1 Rb8 32. Qe2+ Ka7 33. Qb2 Qa6 34. Ra1 Rxb7 35. Rxa6+ Kxa6 36. Qh8 Ka7 37. Qxh7 c4 38. Qh8 c3 39. Nd4 Rb1+ 40. Kh2 Nd2 41. Kg3 f6 42. Qh7+ Rb7 43. Qd3 Ne4+ 44. Kh2 Rb2 45. h4 f5 46. h5 e5 47. Nb5+ Kb8 48. Qxd5 Nf2 49. Qxe5+ Kb7 50. Nd6+ Ka6 51. Qxc3 1-0

[Event "Lliga Catalana 2024"]
[Site "Catalonia"]
[Date "2024.01.27"]
[Round "2.3"]
[White "Khamrakulov, Ibragim S."]
[Black "Oms Fuentes, Lluis"]
[Result "1-0"]
[ECO "B22"]
[WhiteElo "2408"]
[BlackElo "2329"]
[Annotator "RC"]
[PlyCount "71"]
[EventDate "2024.01.18"]
[EventType "team-tourn"]
[EventCountry "ESP"]
[SourceTitle "playchess.com"]
[Source "ChessBase"]
[SourceQuality "1"]
[TimeControl "5400+30"]

1. e4 c5 2. c3 Nf6 3. e5 Nd5 4. Bc4 Nb6 5. Bb3 d5 6. exd6 exd6 7. h3 Be7 8. Nf3 Bf5 9. d4 N8d7 10. Na3 O-O 11. O-O Rc8 12. Re1 c4 13. Nxc4 Nxc4 14. Qe2 Be6 15. d5 Bxd5 16. Qxe7 Bxf3 17. Qxd8 Rfxd8 18. gxf3 Nde5 19. Kg2 d5 20. Bxc4 Nxc4 21. Re7 b6 22. Rxa7 Rc6 23. b3 Nd6 24. Be3 Nf5 25. Rd1 h5 26. Rd3 Rg6+ 27. Kf1 Rdd6 28. Bf4 Rd8 29. Rb7 Rc6 30. Rc7 Re6 31. a4 d4 32. Bd2 Rd5 33. b4 Rdd6 34. cxd4 Nxd4 35. Bf4 Rd5 36. Rc4 1-0